 Dungeon Crawl Stone Soup version 0.20.1-1-g8b1a95d (webtiles) character file.

2723 Jannitor the Skirmisher (level 9, -3/70 HPs)
             Began as an Octopode Fighter on Aug 23, 2017.
             Slain by a hippogriff (8 damage)
             ... on level 7 of the Dungeon.
             The game lasted 00:10:51 (6185 turns).

Jannitor the Skirmisher (Octopode Fighter)          Turns: 6185, Time: 00:10:52

Health: -3/70      AC:  1    Str: 15    XL:     9   Next: 67%
Magic:  18/18      EV: 14    Int: 14    God:    Xom [.*....]
Gold:   228        SH: 11    Dex: 11    Spells: 8/8 levels left

rFire    . . .     SeeInvis .   a - +0 trident
rCold    + . .     Gourm    .   b - +1 shield
rNeg     . . .     Faith    .   (helmet restricted)
rPois    .         Spirit   .   (no amulet)
rElec    .         Reflect  .   h - ring of resist corrosion
rCorr    +         Harm     .   u - ring of magical power
MR       .....                  x - ring of protection from cold
Stlth    ++........             (no ring)
Regen    0.3/turn               (no ring)
MPRegen  0.2/turn               (no ring)
                                (no ring)
                                (no ring)

@: no status effects
A: almost no armour, stealthy swim, amphibious, 8 rings, constrict 8, camouflage
1, sense surroundings 1, robust 1, gelatinous body 1
a: Renounce Religion


You were on level 7 of the Dungeon.
You worshipped Xom.
You were a plaything of Xom.
You were not hungry.

You visited 1 branch of the dungeon, and saw 7 of its levels.

You collected 228 gold pieces.

Inventory:

Hand Weapons
 a - a +0 trident (weapon)
Armour
 b - a +1 shield (worn)
Jewellery
 h - a ring of resist corrosion (left tentacle)
 u - a ring of magical power (right tentacle)
 x - a ring of protection from cold (on tentacle)
 B - an uncursed ring of fire
Wands
 n - a wand of confusion (48/48)
 s - a wand of random effects (27/48)
 y - a wand of confusion (14/48)
 A - a wand of confusion (39/48)
 C - a wand of confusion (26/48)
Scrolls
 e - a scroll of fear
 j - 2 scrolls of identify
 m - a scroll of magic mapping {unknown}
 p - 3 scrolls of remove curse
 w - 3 scrolls of teleportation
Potions
 c - 2 potions of might
 g - a potion of berserk rage
 i - a potion of degeneration {unknown}
 l - 2 potions of curing
 o - 2 potions of mutation
 q - 2 potions of brilliance {unknown}
 r - a potion of invisibility {unknown}
 t - a potion of lignification {unknown}
 v - 2 potions of heal wounds {unknown}
 z - a potion of agility
Comestibles
 d - 2 bread rations
 f - 5 royal jellies
 k - 2 meat rations


   Skills:
 + Level 7.3 Fighting
 + Level 6.6 Polearms
 + Level 7.0 Dodging
 + Level 7.2 Shields


You had 8 spell levels left.
You didn't know any spells.

Dungeon Overview and Level Annotations

Branches:
Dungeon (7/15)             Temple (0/1) D:7

Altars:
Ashenzari
Elyvilon
Okawaru
Qazlal
Uskayaw
Xom
The Shining One


Innate Abilities, Weirdness & Mutations

You cannot wear most types of armour.
You are very stealthy in the water. (Stealth+)
You are amphibious.
You can wear up to eight rings at the same time.
You can use your tentacles to constrict eight enemies at once.
Your skin changes colour to match your surroundings (Stealth+).
Your rubbery body absorbs attacks. (AC +1, EV +1)
You passively map a small area around you.
You are robust. (+10% HP)


Message History

An orc comes into view. It is wielding a falchion.
Your orc wizard hits the hippogriff with a dagger.
The hippogriff bites your orc wizard.
The hippogriff closely misses your orc wizard.
The hippogriff barely misses your orc wizard.
You barely miss the orc. You grab the orc. You constrict the orc.
Your orc wizard hits the hippogriff but does no damage.
Your orc wizard hits the hippogriff with a dagger.
The orc closely misses you. The hippogriff bites your orc wizard.
The hippogriff pecks your orc wizard.
Your orc wizard dies!
You puncture the orc!
You kill the orc!
You hit the orc but do no damage. You grab the orc. You constrict the orc.
The ogre hits you with a giant club!!
* * * LOW HITPOINT WARNING * * *
You block the orc's attack. You block the hippogriff's attack.
The hippogriff barely misses you. The hippogriff claws you!
You die...
Xom roars with laughter!

$>., ** * #.# * *
##.# .# , * ,,,..#
#.# , ,..# #.# ,
*#[# #.# . **#.# #.#
, , ,#...##O###.# ,
* ......†o@...# *
.......H##..#
........##..########
.......##..[[...)..#
#.....# ##.######..#
##...# ### #..# ##.#
* ####..# *, #. ..#
#.....# * *#.#
#.###.#


You could see a hippogriff, an ogre and an orc.

Vanquished Creatures
  Pikel (D:5)
  Grinder (D:4)
  Sigmund (D:2)
  Menkaure (D:4)
  An ice beast (D:7)
  A black bear (D:6)
  An ogre (D:7)
  A necrophage (D:6)
  A centaur (D:7)
  A crocodile (D:6)
  3 bullfrogs
  A water moccasin zombie (D:5)
  A scorpion (D:6)
  A howler monkey (D:5)
  2 crimson imps
  A quasit (D:5)
  3 hounds
  2 orc priests (D:6)
  A centaur skeleton (D:6)
  4 orc wizards
  An iguana (D:4)
  5 worker ants
  A hound skeleton (D:5)
  11 gnolls
  18 adders
  2 worms (D:5)
  3 dart slugs
  3 leopard geckos
  16 orcs
  4 bats
  7 giant cockroaches
  6 hobgoblins
  13 jackals
  6 kobolds
  2 quokkas
  2 ball pythons
  A frilled lizard (D:5)
  4 goblins
  A quokka zombie (D:5)
  7 rats
142 creatures vanquished.

Vanquished Creatures (collateral kills)
  A centaur zombie (D:5)
1 creature vanquished.

Vanquished Creatures (others)
  A slave (D:5)
  An orc wizard (D:7)
  A hound (D:5)
  An adder (D:5)
4 creatures vanquished.

Grand Total: 147 creatures vanquished

Notes
Turn   | Place    | Note
-------+----------+-------------------------------------------
     0 | D:1      | Jannitor the Octopode Fighter began the quest for the Orb.
     0 | D:1      | Reached XP level 1. HP: 16/16 MP: 1/1
    96 | D:1      | Found a shimmering altar of Xom.
   121 | D:1      | Became a worshipper of Xom of Chaos
   196 | D:1      | Reached XP level 2. HP: 21/21 MP: 2/2
   527 | D:1      | XOM: god gift: bubbling coppery potion {god gift}
   600 | D:2      | Reached XP level 3. HP: 12/26 MP: 3/3
   646 | D:2      | XOM: noise
   865 | D:2      | Reached XP level 4. HP: 23/31 MP: 4/4
  1000 | D:2      | Noticed Sigmund
  1006 | D:2      | Killed Sigmund
  1006 | D:2      | Reached XP level 5. HP: 37/37 MP: 5/5
  1024 | D:2      | Reached XP level 6. HP: 39/43 MP: 6/6
  1110 | D:2      | XOM: noise
  1797 | D:3      | Found a stormy altar of Qazlal.
  1896 | D:3      | Found a shattered altar of Ashenzari.
  1998 | D:3      | XOM: harmless Tmut miscast
  2295 | D:3      | XOM: scenery: create altars
  2370 | D:4      | Noticed Menkaure
  2372 | D:4      | HP: 1/44 [Menkaure (12)]
  2372 | D:4      | XOM: butterfly on damage
  2376 | D:4      | Killed Menkaure
  2376 | D:4      | Reached XP level 7. HP: 2/49 MP: 7/7
  2426 | D:4      | XOM: cloud trail
  2752 | D:4      | XOM: cloud trail
  2776 | D:4      | Found a white marble altar of Elyvilon.
  2857 | D:4      | XOM: give mutations
  2857 | D:4      | Gained mutation: You passively map a small area around you. [Xom's grace]
  2857 | D:4      | Gained mutation: You are robust. (+10% HP) [Xom's grace]
  3056 | D:4      | Found an iron altar of Okawaru.
  3070 | D:4      | Reached skill level 5 in Fighting
  3372 | D:4      | Noticed Grinder
  3376 | D:4      | Paralysed by Grinder for 7 turns
  3386 | D:4      | Paralysed by Grinder for 6 turns
  3388 | D:4      | XOM: confuse monster(s)
  3399 | D:4      | Killed Grinder
  3399 | D:4      | Reached skill level 5 in Dodging
  3399 | D:4      | Reached skill level 5 in Shields
  3557 | D:4      | XOM: god gift: 9 stones
  3628 | D:5      | Entered Level 5 of the Dungeon
  3713 | D:5      | XOM: 1-stop teleportation journey
  3720 | D:5      | XOM: summons friendly quasit
  3723 | D:5      | Reached XP level 8. HP: 61/61 MP: 8/8
  3987 | D:5      | XOM: medium Tloc miscast
  4108 | D:5      | Reached skill level 5 in Polearms
  4169 | D:5      | Noticed Pikel
  4179 | D:5      | Killed Pikel
  4418 | D:5      | XOM: medium Ice miscast
  4499 | D:5      | XOM: mild Necr miscast
  4766 | D:5      | Found a hide-covered altar of Uskayaw.
  4767 | D:5      | Found a glowing golden altar of the Shining One.
  4851 | D:6      | Reached XP level 9. HP: 61/69 MP: 9/9
  4931 | D:6      | XOM: confusion (+ monsters)
  5260 | D:6      | XOM: harmless Pois miscast
  5759 | D:7      | XOM: enchant monster (bad)
  5765 | D:7      | XOM: potion effect (heal wounds)
  5827 | D:7      | XOM: enchant monster (good)
  5966 | D:7      | XOM: noise
  6178 | D:7      | XOM: enchant monster (good)
  6185 | D:7      | Slain by a hippogriff

Skill      XL: |  1  2  3  4  5  6  7  8  9 |
---------------+----------------------------+-----
Fighting       | 4 5 6 7 |  7.3
Polearms       | 3 4 5 6 |  6.6
Dodging        | 4 5 6 7 |  7.0
Shields        | 4 5 6 7 |  7.2

Action                   |  1- 3 |  4- 6 |  7- 9 || total
-------------------------+-------+-------+-------++-------
Melee: Trident           |    49 |    91 |   266 ||   406
       Constrict         |     9 |    25 |    56 ||    90
       Tentacles         |     7 |    19 |    48 ||    74
  Use: Potion            |     2 |     2 |     1 ||     5
       Scroll            |       |       |     8 ||     8
 Stab: Sleeping          |     7 |     6 |     7 ||    20
       Distracted        |       |     1 |     2 ||     3
       Confused          |       |       |     2 ||     2
  Eat: Chunk             |       |     4 |     9 ||    13
       Bread ration      |       |       |     1 ||     1
Armor: Skin              |     2 |     2 |     6 ||    10
Dodge: Dodged            |    15 |    34 |   118 ||   167
Block: Shield            |     9 |    25 |    98 ||   132
